 Dungeon Crawl Stone Soup version 0.30-a0-373-gd37427bb62 (webtiles) character file.

Game seed: 11031653732106473221

478 zishaf the Magician (level 7, -4/50 HPs)
             Began as a Djinni Venom Mage on Nov 23, 2022.
             Was an Initiate of Makhleb.
             Slain by a necrophage (7 damage)
             ... on level 5 of the Dungeon.
             The game lasted 00:04:31 (4161 turns).

zishaf the Magician (Djinni Venom Mage)             Turns: 4161, Time: 00:04:32

Health: -4/50      AC:  3    Str:  7    XL:     7   Next: 33%
Gold:   281        EV: 12    Int: 19    God:    Makhleb [......] SH:  5 Dex: 13

rFire   + + .      SeeInvis .    d - +0 dagger
rCold   x . .      Faith    .    (no shield)
rNeg    . . .      Spirit   .    a - +1 robe
rPois   ∞          Reflect  +    (no helmet)
rElec   .          Harm     .    (no cloak)
rCorr   .          Rampage  .    (no gloves)
Will    .....                    (boots unavailable)
Stlth   ++........               n - amulet of reflection
HPRegen 0.28/turn                (no ring)
MPRegen 0.00/turn                (no ring)

@: flying
A: sickness immunity, fire resistance 2, cold vulnerability 1, float, innate
caster, HP casting, extra vitality 1
a: Renounce Religion


You were on level 5 of the Dungeon.
You worshipped Makhleb.
Makhleb was noncommittal.
You visited 2 branches of the dungeon, and saw 6 of its levels.

You collected 281 gold pieces.

Inventory:

Hand Weapons
 d - a +0 dagger (weapon)
Armour
 a - a +1 robe (worn)
Jewellery
 g - a ring of fire
 n - an amulet of reflection (around neck)
Wands
 m - a wand of flame (20)
Scrolls
 b - 3 scrolls of fog
 c - 4 scrolls of identify
 h - a scroll of magic mapping
 j - a scroll of immolation
 k - a scroll of poison
 o - a scroll of teleportation
Potions
 e - 3 potions of haste
 f - a potion of mutation
 i - a potion of curing
 l - a potion of ambrosia


   Skills:
 + Level 3.5 Fighting
 - Level 2.1 Dodging
 - Level 1.5 Stealth
 * Level 4.8 Spellcasting
 + Level 2.2 Invocations


You couldn't memorise any spells.
You knew the following spells:

 Your Spells              Type           Power      Damage    Failure   Level
a - Sting                 Tmut/Pois      92%        1d7       1%          1
b - Poisonous Vapours     Pois/Air       46%        N/A       2%          2
c - Kiss of Death         Conj/Necr      92%        2d12      1%          1
d - Searing Ray           Conj           46%        2d6       2%          2
e - Spider Form           Tmut/Pois      23%        N/A       4%          3
z - Mephitic Cloud        Conj/Pois/Air  23%        N/A       4%          3
A - Olgreb's Toxic Radia  Pois           23%        N/A       17%         4
Your spell library was empty.

Dungeon Overview and Level Annotations

Branches:
Dungeon (5/15)             Temple (1/1) D:4

Altars:
Ashenzari
Dithmenos
Elyvilon
Fedhas
Gozag
Hepliaklqana
Makhleb
Nemelex Xobeh
Okawaru
Uskayaw
Xom
Yredelemnul
Zin
The Shining One

Shops:
D:5 =


Innate Abilities, Weirdness & Mutations

You are immune to sickness and miasma.
You are immune to poison.
Your flesh is very heat resistant. (rF++)
You are vulnerable to cold. (rC-)
You float through the air rather than walking.
You learn spells naturally, not from books.
Your magical power is your life essence.
You have superior vitality. (+4 MHP)


Message History

Spell assigned to 'e'.
Casting: Searing Ray (safe; 2% risk of failure)
Confirm with . or Enter, or press ? or * to list all spells.
Aiming: Searing Ray (safe; 2% risk of failure)
Press: ? - help, Shift-Dir - straight line, f - necrophage
Aim: a necrophage (78% to hit)
The searing ray hits the necrophage.
The necrophage is moderately damaged. (Press . to maintain the ray.)
The necrophage hits you but does no damage.
The searing ray misses the necrophage.
The necrophage closely misses you.
The searing ray hits the necrophage.
The necrophage is moderately damaged.
The necrophage hits you.
* * * LOW HITPOINT WARNING * * *
The searing ray misses the necrophage.
* * * LOW HITPOINT WARNING * * *
You finish channelling your searing ray.
You block the necrophage's attack. The necrophage hits you.
* * * LOW HITPOINT WARNING * * *
Casting: Searing Ray (safe; 2% risk of failure)
Confirm with . or Enter, or press ? or * to list all spells.
Aiming: Searing Ray (safe; 2% risk of failure)
Press: ? - help, Shift-Dir - straight line, f/p - necrophage
Aim: a necrophage (moderately damaged, 78% to hit)
The searing ray hits the necrophage.
The necrophage is heavily damaged. (Press . to maintain the ray.)
* * * LOW HITPOINT WARNING * * *
The necrophage hits you.
* * * LOW HITPOINT WARNING * * *
The searing ray misses the necrophage.
* * * LOW HITPOINT WARNING * * *
The necrophage closely misses you.
The searing ray hits the necrophage.
The necrophage is severely damaged.
* * * LOW HITPOINT WARNING * * *
The necrophage hits you!
You die...

##. .....
#######..## #....
#.........##
#...$##..........#
#.... ...........
#.... ##......+#
#....##........####
#.....@!..)<)..8..$
#...!.n).).........
#....##...)..∩..)..
##### #...#........
#....#8...>...
#....#........
##...##......#
###'# .##...#


You could see a necrophage.

Vanquished Creatures
  Grinder (D:5)
  A jelly (D:4)
  An orc priest (D:5)
  An iguana (D:3)
  An orc wizard (D:5)
  7 gnolls
  3 adders
  A worm (D:3)
  3 dart slugs
  6 orcs
  4 endoplasms
  A giant cockroach (D:1)
  3 goblins
  11 hobgoblins
  3 kobolds
  3 quokkas
  4 ball pythons
  4 bats
  3 frilled lizards
  5 rats
66 creatures vanquished.

Notes
Turn   | Place    | Note
-------+----------+-------------------------------------------
     0 | D:1      | zishaf the Djinni Venom Mage began the quest for the Orb.
     0 | D:1      | zishaf set off with the following spells memorised: Sting,
                  | Poisonous Vapours, Mephitic Cloud, Olgreb's Toxic Radiance.
     0 | D:1      | Reached XP level 1. HP: 15/15 MP: 0/0
   219 | D:1      | Reached XP level 2. HP: 21/22 MP: 0/0
   399 | D:1      | Reached skill level 1 in Fighting
   810 | D:1      | Reached XP level 3. HP: 19/27 MP: 0/0
   810 | D:1      | Learned a level 1 spell: Kiss of Death
   854 | D:1      | Reached skill level 3 in Spellcasting
  1205 | D:2      | Reached XP level 4. HP: 27/32 MP: 0/0
  2048 | D:3      | Reached XP level 5. HP: 14/38 MP: 0/0
  2048 | D:3      | Learned a level 2 spell: Searing Ray
  2995 | D:4      | Found a staircase to the Ecumenical Temple.
  3000 | Temple   | Entered the Ecumenical Temple
  3086 | Temple   | Became a worshipper of Makhleb the Destroyer
  3217 | D:4      | Found an opulent altar of Gozag.
  3477 | D:4      | Reached skill level 4 in Spellcasting
  3692 | D:4      | Reached XP level 6. HP: 40/45 MP: 0/0
  3721 | D:4      | Reached skill level 1 in Invocations
  4133 | D:5      | Entered Level 5 of the Dungeon
  4133 | D:5      | Found Qeev's Jewellery Emporium.
  4135 | D:5      | Noticed Grinder
  4143 | D:5      | Paralysed by Grinder for 3 turns
  4153 | D:5      | Killed Grinder
  4154 | D:5      | Reached XP level 7. HP: 22/50 MP: 0/0
  4154 | D:5      | Learned a level 3 spell: Spider Form
  4161 | D:5      | Slain by a necrophage

Illustrated notes

Levels and vault maps discovered:
D:1:      dpeg_arrival_snail, layout_basic
D:2:      layout_basic
D:3:      layout_loops_ring, minivault_14, bh_walls_and_bars
D:4:      layout_layer_cave, nicolae_gozag_seed_capital, temple_doors_e,
          serial_bayou_ford_a
D:5:      layout_gridville, trog_hazing_becter,
          gammafunk_temple_overflow_statue, gup_sewer_entry_glass, serial_shops,
          nicolae_stop_n_shop_1, uniq_grinder
Temple:   nicolae_temple_superstar

Skill      XL: |  1  2  3  4  5  6 |
---------------+-------------------+-----
Fighting       | 1 2 3 |  3.5
Spellcasting   | 3 4 |  4.8
Invocations    | 2 |  2.2
Dodging        | |  2.1
Stealth        | |  1.5

Action                   |  1- 3 |  4- 6 |  7- 9 || total
-------------------------+-------+-------+-------++-------
Melee: Dagger            |     3 |     4 |       ||     7
 Cast: Sting             |    60 |    47 |       ||   107
       Poisonous Vapours |     5 |    22 |       ||    27
       Olgreb's Toxic Ra |       |     4 |       ||     4
       Searing Ray       |       |     2 |     2 ||     4
  Use: Scroll            |       |    11 |       ||    11
Armor: Robe              |     7 |     8 |     1 ||    16
Dodge: Dodged            |    17 |    13 |     2 ||    32
Block: Other             |       |     2 |     1 ||     3

Table legend: (Time is in decaauts)
 A = Elapsed time spent in this place.
 B = Non-inter-level travel time spent in this place.
 C = Inter-level travel time spent in this place.
 D = Time resting spent in this place.
 E = Time spent auto-exploring this place.
 F = Levels seen in this place.
 G = Mean time per level.
                   A        B        C        D        E       F      G
               +--------+--------+--------+--------+--------+-----+--------+
         Total |   4159 |   4040 |    119 |      4 |   3537 |   6 |  693.2 |
       Dungeon |   4060 |   3965 |     95 |      4 |   3477 |   5 |  812.0 |
        Temple |     99 |     75 |     24 |      0 |     60 |   1 |   99.0 |
               +--------+--------+--------+--------+--------+-----+--------+

Top non-repeatable levels by time:
     D:3: 1177 daAuts
     D:4: 1139 daAuts
     D:1: 1010 daAuts
     D:2: 705 daAuts
  Temple: 99 daAuts
     D:5: 27 daAuts
